Map: Deathaura LE

Players

MaxPax

  • Race: Protoss Protoss
  • Spawn Location: 5:00

PartinG - Winner!

  • Race: Protoss Protoss
  • League: Master
  • Spawn Location: 11:00

Event: ASUS ROG Online 2020

VOD

Have the link to the VOD?

Description

Time

  • Played on: Nov. 27, 2020, 11:41 a.m.
  • Length: 14:39

All games in this series

Show
View Real Time Build Order
Export as new Build Order

MaxPax Protoss 

Build Orders: Blink Stalkers 

Get SALT Encoding   

  12  0:00  Probe  
  13  0:12  Probe  
  14  0:17  Pylon  
  14  0:24  Probe  
  15  0:35  Gateway  
  15  0:37  Probe (Chrono Boost)  
  16  0:48  Assimilator, Probe (Chrono Boost)  
  17  0:53  Probe (Chrono Boost)  
  18  1:03  Probe  
  19  1:15  Probe  
  20  1:18  Pylon  
  20  1:19  Assimilator  
  20  1:21  Zealot (Chrono Boost)  
  22  1:27  Probe  
  22  1:30  Cybernetics Core  
  23  1:36  Pylon  
  23  1:40  Probe  
  24  1:52  Probe  
  25  2:03  Cybernetics Core  
  25  2:04  Adept (Chrono Boost), Probe  
  28  2:15  Warp Gate  
  28  2:16  Probe  
  31  2:32  Pylon  
  31  2:50  Nexus  
  28  2:55  Sentry  
  28  2:56  Probe  
  31  3:08  Probe  
  31  3:10  Shield Battery  
  32  3:17  Twilight Council  
  32  3:20  Stalker (Chrono Boost)  
  32  3:25  Probe  
  35  3:32  Shield Battery  
  35  3:37  Probe  
  36  3:43  Stalker  
  38  3:49  Probe  
  39  3:58  Blink (Chrono Boost)  
  39  4:02  Probe  
  40  4:19  Gateway  
  40  4:20  Probe  
  40  4:23  Probe (Chrono Boost)  
  40  4:28  Stalker  
  42  4:35  Probe (Chrono Boost)  
  42  4:37  Probe (Chrono Boost)  
  44  4:43  Probe (Chrono Boost)  
  44  4:45  Probe (Chrono Boost)  
  46  4:50  Pylon  
  46  4:51  Stalker  
  46  4:52  Probe  
  49  4:56  Probe  
  49  4:57  Pylon  
  50  5:04  Probe  
  48  5:08  Probe  
  47  5:14  Gateway  
  47  5:16  Stalker, Probe  
  47  5:18  Stalker  
  47  5:20  Probe  
  53  5:30  Probe  
  53  5:31  Robotics Facility  
  53  5:32  Probe  
  55  5:43  Probe  
  55  5:45  Probe  
  55  5:46  Pylon  
  57  5:50  Forge  
  57  5:53  Stalker  
  57  5:55  Probe  
  57  5:56  Assimilator  
  57  5:57  Probe  
  61  6:07  Sentry, Probe  
  64  6:13  Probe  
  64  6:17  Charge  
  66  6:18  Observer (Chrono Boost)  
  66  6:20  Protoss Ground Weapons Level 1 (Chrono Boost)  
  66  6:22  Probe  
  66  6:23  Nexus  
  66  6:25  Pylon, Probe  
  68  6:34  Probe  
  68  6:35  Observer  
  68  6:37  Probe  
  68  6:39  Stalker  
  73  6:40  Stalker  
  73  6:42  Phoenix  
  73  6:46  Probe  
  76  6:50  Shield Battery  
  76  6:52  Probe  
  77  6:55  Photon Cannon  
  77  6:58  Probe  
  78  7:04  Gateway, Probe  
  78  7:07  Photon Cannon  
  79  7:11  Probe  
  79  7:12  Zealot  
  79  7:13  Zealot  
  84  7:16  Probe  
  84  7:25  Probe  
  84  7:28  Probe  
  86  7:33  Immortal (Chrono Boost)  
  86  7:37  Probe  
  91  7:38  Stalker x2, Sentry  
  97  7:44  Gateway  
  97  7:46  Probe  
  92  7:55  Probe  
  92  7:56  Probe  
  91  8:01  Probe  
  89  8:07  Probe  
  89  8:08  Probe, Protoss Ground Weapons Level 2 (Chrono Boost)  
  89  8:09  Stalker x4, Assimilator x2  
  99  8:15  Pylon  
  99  8:18  Warp Prism  
  101  8:24  Phoenix  
  101  8:26  Pylon  
  101  8:30  Pylon  
  101  8:33  Probe x2  
  101  8:34  Probe  
  104  8:38  Photon Cannon  
  104  8:40  Sentry, Photon Cannon  
  104  8:41  Zealot  
  108  8:45  Pylon  
  108  8:47  Dark Shrine  
  108  8:48  Zealot  
  110  8:55  Stalker x2  
  110  9:07  Probe x2  
  110  9:12  Stalker x3  
  114  9:24  Zealot x2  
  114  9:29  Gateway  
  114  9:31  Gateway  
  116  9:32  Gateway  
  114  9:42  Probe  
  115  9:46  Probe  
  115  9:52  Probe  
  112  9:58  Probe  
  113  10:01  Shadow Stride (Chrono Boost), Dark Templar x5  
  113  10:07  Probe  
  124  10:10  Probe  
  125  10:14  Nexus  
  125  10:15  Nexus  
  125  10:17  Pylon  
  125  10:22  Probe  
  125  10:25  Pylon  
  124  10:29  Dark Templar x3  
  130  10:37  Zealot x2  
  130  10:38  Zealot x2  
  138  10:43  Robotics Bay  
  138  10:46  Probe  
  138  10:49  Protoss Ground Weapons Level 3 (Chrono Boost)  
  139  10:50  Photon Cannon  
  139  10:58  Pylon  
  139  11:01  Dark Templar  
  139  11:02  Zealot  
  143  11:05  Probe x2  
  143  11:06  Probe  
  146  11:17  Probe  
  146  11:18  Probe  
  144  11:21  Observer (Chrono Boost)  
  145  11:25  Robotics Facility  
  145  11:28  Pylon  
  135  11:33  Probe  
  135  11:34  Probe  
  135  11:36  Disruptor (Chrono Boost)  
  135  11:37  Probe  
  139  11:41  Probe  
  139  11:44  Probe  
  139  11:45  Probe  
  128  11:56  Stalker x4  
  128  11:57  Stalker x4  
  128  11:59  Probe x3  
  128  12:00  Disruptor (Chrono Boost)  
  143  12:02  Probe  
  143  12:03  Probe  
  143  12:06  Assimilator, Photon Cannon  
  143  12:07  Assimilator, Pylon  
  145  12:09  Photon Cannon  
  145  12:14  Gateway  
  145  12:18  Gateway  
  133  12:22  Dark Templar  
  133  12:23  Dark Templar x2  
  133  12:26  Probe x2  
  133  12:27  Dark Templar  
  130  12:33  Zealot x3  
  130  12:34  Zealot  
  130  12:35  Probe x3  
  118  12:38  Probe  
  118  12:40  Probe  
  110  12:47  Probe x2  
  110  12:50  Probe  
  111  12:53  Probe  
  111  12:59  Probe x2, Disruptor  
  111  13:00  Observer  
  111  13:05  Pylon  
  117  13:06  Assimilator, Dark Templar x2  
  117  13:10  Assimilator  
  121  13:13  Nexus  
  121  13:15  Pylon  
  121  13:25  Disruptor (Chrono Boost)  
  124  13:27  Zealot x7  
  124  13:30  Shield Battery  
  136  13:36  Zealot  
  134  13:43  Observer (Chrono Boost)  
  103  13:55  Dark Templar x3  
  103  13:56  Zealot x3  
  103  13:57  Zealot x2  
  122  14:07  Disruptor (Chrono Boost)  
  100  14:20  Zealot x7  
  63  14:31  Dark Templar x2  
Show
View Real Time Build Order
Export as new Build Order

PartinG Protoss - Winner!

Build Orders: Oracle Opening 

Get SALT Encoding   

  12  0:00  Probe  
  13  0:12  Probe  
  14  0:17  Pylon  
  14  0:24  Probe (Chrono Boost)  
  15  0:36  Gateway, Probe (Chrono Boost)  
  16  0:45  Assimilator, Probe (Chrono Boost)  
  17  0:51  Probe  
  17  0:54  Assimilator  
  18  1:03  Probe (Chrono Boost)  
  19  1:13  Probe (Chrono Boost)  
  19  1:14  Pylon  
  20  1:18  Probe  
  21  1:26  Cybernetics Core  
  21  1:27  Zealot  
  21  1:32  Probe  
  24  1:44  Probe  
  24  1:45  Cybernetics Core  
  25  1:56  Probe  
  25  1:58  Pylon  
  26  2:07  Warp Gate  
  26  2:15  Stalker (Chrono Boost)  
  26  2:18  Pylon  
  26  2:22  Probe  
  29  2:29  Stargate  
  29  2:36  Stalker  
  29  2:41  Probe  
  31  3:02  Nexus  
  31  3:08  Probe  
  31  3:11  Oracle (Chrono Boost)  
  35  3:20  Probe  
  35  3:24  Shield Battery  
  36  3:30  Shield Battery  
  36  3:32  Probe  
  37  3:40  Pylon  
  37  3:47  Shield Battery  
  37  3:51  Probe  
  36  3:56  Oracle  
  36  4:02  Stalker  
  41  4:03  Probe  
  42  4:11  Twilight Council  
  42  4:17  Probe x2 (Chrono Boost)  
  44  4:26  Gateway  
  44  4:28  Sentry, Probe x2 (Chrono Boost)  
  48  4:33  Probe (Chrono Boost)  
  48  4:34  Probe (Chrono Boost)  
  50  4:40  Robotics Facility  
  50  4:43  Probe  
  50  4:44  Probe  
  52  4:49  Assimilator  
  52  4:53  Blink (Chrono Boost)  
  52  4:56  Probe x2  
  54  5:08  Probe x2  
  54  5:13  Shield Battery  
  56  5:14  Stalker  
  56  5:17  Gateway  
  56  5:18  Pylon  
  56  5:20  Stalker  
  60  5:22  Probe x2  
  62  5:30  Pylon  
  62  5:32  Pylon  
  62  5:36  Observer  
  62  5:42  Nexus  
  63  5:49  Probe x2  
  65  5:51  Sentry, Stalker  
  69  5:58  Observer  
  69  6:01  Probe x2  
  72  6:04  Forge  
  72  6:05  Shield Battery  
  72  6:07  Shield Battery  
  72  6:15  Gateway  
  72  6:16  Gateway  
  72  6:19  Probe x2  
  72  6:24  Pylon  
  74  6:31  Protoss Ground Weapons Level 1 (Chrono Boost), Probe x2  
  74  6:32  Sentry, Stalker  
  80  6:34  Stalker  
  80  6:38  Warp Prism (Chrono Boost)  
  84  6:50  Gateway  
  83  6:55  Photon Cannon  
  83  6:58  Photon Cannon  
  83  7:00  Probe x2  
  85  7:02  Probe  
  85  7:07  Photon Cannon  
  86  7:11  Observer  
  86  7:12  Stalker  
  89  7:17  Stalker x2  
  89  7:20  Stalker  
  95  7:25  Stalker  
  95  7:29  Probe  
  99  7:30  Probe x2  
  99  7:32  Assimilator  
  99  7:34  Pylon  
  100  7:43  Probe  
  101  7:44  Assimilator  
  95  7:55  Stalker x5  
  104  8:05  Stalker  
  104  8:07  Warp Prism  
  104  8:08  Probe x3  
  111  8:14  Robotics Bay  
  111  8:19  Robotics Facility  
  111  8:21  Assimilator, Probe x3, Nexus  
  114  8:32  Protoss Ground Weapons Level 2 (Chrono Boost)  
  114  8:33  Probe x3  
  117  8:37  Pylon  
  117  8:44  Pylon  
  117  8:46  Pylon, Photon Cannon  
  117  8:50  Pylon  
  117  8:53  Pylon  
  117  8:55  Probe x2  
  119  9:01  Stalker x3  
  125  9:15  Disruptor (Chrono Boost)  
  125  9:16  Disruptor (Chrono Boost)  
  123  9:17  Stalker x3  
  135  9:26  Shield Battery  
  135  9:28  Shield Battery  
  135  9:29  Gravitic Boosters  
  135  9:31  Shield Battery  
  135  9:32  Shield Battery  
  135  9:36  Stalker x2  
  135  9:37  Sentry  
  139  9:40  Dark Shrine  
  137  9:54  Phoenix  
  137  9:55  Stalker x3  
  137  9:59  Gateway  
  145  10:00  Gateway  
  145  10:05  Probe x2  
  145  10:06  Probe  
  148  10:07  Disruptor x2 (Chrono Boost)  
  151  10:29  Charge  
  151  10:33  Extended Thermal Lance  
  151  10:34  Gateway  
  151  10:35  Gateway  
  151  10:36  Observer x2  
  151  10:38  Photon Cannon  
  151  10:40  Photon Cannon x2  
  151  10:42  Probe, Photon Cannon  
  154  10:44  Protoss Ground Weapons Level 3 (Chrono Boost), Probe x3  
  157  10:53  Pylon  
  157  10:54  Pylon  
  157  10:55  Assimilator  
  157  10:56  Probe x2  
  157  10:57  Assimilator, Probe x2  
  161  11:01  Zealot x4  
  167  11:05  Shadow Stride (Chrono Boost)  
  167  11:08  Photon Cannon  
  167  11:09  Pylon  
  167  11:14  Disruptor x2  
  167  11:16  Zealot x3  
  176  11:34  Dark Templar x2  
  174  11:41  Dark Templar  
  174  11:42  Zealot x5  
  174  11:43  Zealot  
  184  11:59  Dark Templar  
  184  12:00  Photon Cannon  
  186  12:01  Photon Cannon  
  186  12:03  Photon Cannon, Dark Templar x2  
  186  12:04  Photon Cannon  
  190  12:11  Zealot x3  
  196  12:22  Disruptor  
  165  12:34  Observer  
  158  12:38  Stalker x2  
  158  12:42  Zealot x8  
  162  12:49  Probe (Chrono Boost)  
  162  12:50  Observer x2  
  161  12:54  Disruptor (Chrono Boost)  
  165  12:58  Probe (Chrono Boost)  
  165  12:59  Disruptor (Chrono Boost)  
  168  13:06  Shield Battery  
  168  13:09  Pylon  
  168  13:10  Nexus  
  168  13:12  Pylon  
  168  13:14  Pylon  
  168  13:15  Stalker x6  
  180  13:32  Dark Templar x4  
  183  13:46  Disruptor x2  
  185  13:51  Observer  
  185  13:52  Stalker x3  
  185  13:53  Stalker x3  
  197  14:06  Pylon  
  197  14:07  Zealot x2  
  197  14:08  Zealot x2  
  150  14:25  Zealot x6  
Tags
 
Add a new tag
Caveats
  • Supply blocks, unpowered buildings, or Contaminate may cause inaccurate times.
  • Supply counts are checked every 10 seconds.